 Dungeon Sprint DCSS version 0.30.1-4-g462c640d31 (webtiles) character file.

Game seed: 13907368187909812594

17035 Heoruswealwe the Wrestler (level 12, -14/137 HPs)
             Began as a Troll Berserker on Aug 17, 2023.
             Was the Champion of Trog.
             Demolished by a fire giant
             ... wielding a +0 great sword of flaming
              (42 damage)
             ... in the Dungeon (Sprint I: "Red Sonja").
             The game lasted 00:38:29 (2069 turns).

Heoruswealwe the Wrestler (Troll Berserker)         Turns: 2069, Time: 00:38:30

Health: -14/137    AC:  5    Str: 30    XL:     12   Next: 15%
Magic:  11/11      EV: 12    Int:  3    God:    Trog [******]
Gold:   4          SH:  0    Dex:  7    Spells: 11/11 levels left

rFire   + .          .
                       - Unarmed
rCold   . . .        (no shield)
rNeg    + . .        q - +1 robe {rN+}
rPois   +            f - +0 hat of Antique Mirth {rF+ Regen+ rCorr}
rElec   .            (no cloak)
rCorr   +            (gloves unavailable)
SInv    +            (boots unavailable)
Will    .....        (no amulet)
Stlth   +            k - ring of see invisible
HPRegen 2.02/turn    i - ring of poison resistance
MPRegen 0.12/turn

%: no teleportation
@: on berserk cooldown, slowed, very slow
A: large, unfitting armour, claws 3, regeneration 1, shaggy fur 1, tough skin 1,
clumsy 1, weak 1
a: Renounce Religion, Berserk, Trog's Hand, Brothers in Arms


You were in the Dungeon.
You worshipped Trog.
Trog was exalted by your worship.
You visited 1 branch You collected 2574 gold pieces.
You spent 2570 gold pieces at shops.

Inventory:

Armour
 f - the +0 hat of Antique Mirth (worn) {rF+ Regen+ rCorr}
   (You acquired it in the Dungeon)

   rF:        It protects you from fire.
   Regen:     It increases your rate of health regeneration.
   rCorr:     It protects you from acid and corrosion.
 q - a +1 robe of positive energy (worn)
Jewellery
 i - a ring of poison resistance (right claw)
 k - a ring of see invisible (left claw)
 s - a ring of protection from cold
Wands
 h - a wand of paralysis (5)
 r - a wand of quicksilver (5)
Scrolls
 d - a scroll of identify
 g - 5 scrolls of blinking
 j - a scroll of enchant armour
 n - a scroll of poison
 o - a scroll of silence
Potions
 b - 7 potions of curing
 c - a potion of flight
 l - 2 potions of lignification
 m - 3 potions of heal wounds
Miscellaneous
 e - a phial of floods


   Skills:
 + Level 13.7 Fighting
 + Level 13.7 Dodging
 * Level 21.9 Unarmed Combat


You had 11 spell levels left.
You didn't know any spells.
Your spell library was empty.

Dungeon Overview and Level Annotations

Branches:
Dungeon (1/1)

Altars:
Cheibriados
Dithmenos
Elyvilon
Fedhas
Gozag
Hepliaklqana
Kikubaaqudgha
Makhleb
Nemelex Xobeh
Okawaru
Qazlal
Ru
Sif Muna
Trog
Uskayaw
Vehumet
Wu Jian
Xom
Yredelemnul
Zin
The Shining One
Jiyva
Lugonu

Shops:
D !*?**[?[!!((*[[*?(=[=


Innate Abilities, Weirdness & Mutations

You are too large for most types of armour.
You have claws for hands.
Your natural rate of healing is unusually fast.
You are covered in fur. (AC +1)
You have tough skin. (AC +1)
You are clumsy. (Dex -2)
You are weak. (Str -2)


Message History

You feel a strong urge to attack something.
You start resting.
You feel your anger nearly subside.
You are no longer berserk.
You are exhausted.
You feel yourself slow down.
You start resting.
A fire giant comes into view.
It is wielding a +0 great sword of flaming.
The fire giant shouts!
You hear a shout!
A fire giant comes into view.
It is wielding a +2 great sword of flaming.
The fire giant points at you and mumbles some strange words.
The fireball explodes!
The fireball engulfs you! You resist.
* * * LOW HITPOINT WARNING * * *
There is an open door here.
You start resting.
A fire giant is nearby!
You feel much better.
The fire giant hits you with a +0 great sword of flaming!
The fire giant burns you.
You scratch the fire giant but do no damage.
The fire giant hits you with a +0 great sword of flaming!
The fire giant burns you.
You claw the fire giant!
The fire giant is lightly wounded.
The fire giant hits you with a +0 great sword of flaming!!
* * * LOW HITPOINT WARNING * * *
The fire giant burns you.
* * * LOW HITPOINT WARNING * * *
You scratch the fire giant but do no damage.
The fire giant is lightly wounded.
You claw the fire giant!
The fire giant is lightly wounded.
The fire giant hits you with a +0 great sword of flaming.
* * * LOW HITPOINT WARNING * * *
The fire giant points at you and mumbles some strange words.
The bolt of fire hits the fire giant!
The fire giant resists.
The bolt of fire hits you! You resist.
* * * LOW HITPOINT WARNING * * *
You feel better.
The fire giant hits you with a +0 great sword of flaming!!!
You die...

#.○°°.#...###..###.#,,~***+**,,,*
#☼○...+.....##.#A#.#,,~,,*,****+*
###..°#.....#..###.#,,~,**+*,,,,*
+.#°..###++##.##...#,,~**,,,,,,,,
#.#..###.°###.)#+###,,~*,,,,,,,,,
#§#..####..###...#,~,,**,,,,,,,,,
#§##'#.○#(.#.###.#,~,,*,,,,,,,,,,
#.##.#.○.......#.#**,,*,,,,,,,,,,
..####.°.......#@#,+,,**,,,,,,,,,
#.#:.'......####C#,**'**,,,,,,,,,
#.#####...###...C#^*~~~**,,,,,,,,
§.#,,,#####)).####,*~~~~**,,,,,,*
###,,....C.C###,,^,*~~~~~********
*,,,,...####*^,,,****~~~~*~~~~~*,
*,,,,.,**,^,,,^^,*,,*'~~~'~~,~~',
*,,,,,**,^,,,,,,,*,,,**~~*~~~~~*~
*,,,,,*^,,,,,,,,^*,,,,******+****


You could see 2 fire giants.

Vanquished Creatures
  2 fire giants (D)
  A lorocyproca (D)
  A hydra (D)
  2 centaur warriors (D)
  Sonja (D)
  A deep troll (D)
  A lindwurm (D)
  An oklob plant (D)
  8 shining eyes (D)
  A gargoyle (D)
  4 demonic crawlers (D)
  7 unseen horrors (D)
  2 kobold demonologists (D)
  A hornet (D)
  Sigmund (D)
  A slime creature (D)
  A yak (D)
  13 hogs (D)
  2 redbacks (D)
  7 floating eyes (D)
  An ogre (D)
  7 necrophages (D)
  8 jellies (D)
  Ijyb (D)
  A ballistomycete spore (D)
76 creatures vanquished.

Vanquished Creatures (others)
  A ballistomycete spore (D)
1 creature vanquished.

Grand Total: 77 creatures vanquished

Notes
Turn   | Place    | Note
-------+----------+-------------------------------------------
     0 | D        | Heoruswealwe the Troll Berserker began the quest for the
                  | Orb.
     0 | D        | Reached XP level 1. HP: 22/22 MP: 0/0
     1 | D        | Noticed Ijyb
     5 | D        | Paralysed by Ijyb for 5 turns
    12 | D        | Killed Ijyb
    13 | D        | Reached skill level 5 in Unarmed Combat
    13 | D        | Reached XP level 2. HP: 26/31 MP: 1/1
    18 | D        | Noticed an ogre
    22 | D        | Killed an ogre
    23 | D        | Reached skill level 7 in Unarmed Combat
    23 | D        | Reached XP level 3. HP: 40/40 MP: 2/2
    23 | D        | Reached XP level 4. HP: 49/49 MP: 3/3
    59 | D        | Noticed Sigmund
    63 | D        | Killed Sigmund
    63 | D        | Reached ** piety under Trog
    64 | D        | Reached skill level 5 in Fighting
    64 | D        | Reached skill level 5 in Dodging
    64 | D        | Reached skill level 9 in Unarmed Combat
    64 | D        | Reached XP level 5. HP: 48/59 MP: 4/4
    64 | D        | Reached XP level 6. HP: 55/67 MP: 5/5
    86 | D        | Found a burning altar of Makhleb.
    86 | D        | Found a viscous altar of Jiyva.
    86 | D        | Found a shimmering altar of Xom.
    86 | D        | Found a corrupted altar of Lugonu.
    86 | D        | Noticed a slime creature
    93 | D        | Killed a slime creature
    94 | D        | Reached skill level 10 in Unarmed Combat
   147 | D        | Found an ornate altar of the Wu Jian Council.
   147 | D        | Found a shimmering blue altar of Sif Muna.
   149 | D        | Found a radiant altar of Vehumet.
   181 | D        | Found Omas's Assorted Antiques.
   181 | D        | Found an ancient bone altar of Kikubaaqudgha.
   181 | D        | Found a hazy altar of Hepliaklqana.
   181 | D        | Found a stormy altar of Qazlal.
   181 | D        | Found a hide-covered altar of Uskayaw.
   181 | D        | Found a blossoming altar of Fedhas.
   181 | D        | Found a bloodstained altar of Trog.
   181 | D        | Found an iron altar of Okawaru.
   181 | D        | Found a basalt altar of Yredelemnul.
   181 | D        | Found a glowing golden altar of the Shining One.
   181 | D        | Found a snail-covered altar of Cheibriados.
   181 | D        | Found a sacrificial altar of Ru.
   181 | D        | Found a glowing silver altar of Zin.
   181 | D        | Found a shadowy altar of Dithmenos.
   181 | D        | Found a white marble altar of Elyvilon.
   181 | D        | Noticed a yak
   184 | D        | Killed a yak
   184 | D        | Reached *** piety under Trog
   185 | D        | Reached skill level 11 in Unarmed Combat
   185 | D        | Reached XP level 7. HP: 78/78 MP: 6/6
   185 | D        | Found an opulent altar of Gozag.
   186 | D        | Found a sparkling altar of Nemelex Xobeh.
   192 | D        | Bought a potion of curing for 63 gold pieces
   192 | D        | Bought a scroll labelled UMNUPI VUEPIH for 21 gold pieces
   192 | D        | Bought a scroll labelled VURHOU PIMEA for 21 gold pieces
   192 | D        | Bought a notched ivory ring for 105 gold pieces
   192 | D        | Bought a potion of curing for 63 gold pieces
   210 | D        | Noticed a kobold demonologist
   210 | D        | Noticed a kobold demonologist
   211 | D        | Paralysed by a floating eye for 3 turns
   217 | D        | Killed a kobold demonologist
   218 | D        | Reached skill level 12 in Unarmed Combat
   228 | D        | Killed a kobold demonologist
   228 | D        | Reached **** piety under Trog
   229 | D        | Reached skill level 13 in Unarmed Combat
   229 | D        | Reached XP level 8. HP: 76/88 MP: 7/7
   251 | D        | Noticed a centaur warrior
   251 | D        | Noticed a centaur warrior
   262 | D        | Killed a centaur warrior
   263 | D        | Reached skill level 14 in Unarmed Combat
   266 | D        | Killed a centaur warrior
   267 | D        | Reached skill level 15 in Unarmed Combat
   267 | D        | Reached XP level 9. HP: 39/98 MP: 8/8
   336 | D        | Noticed an oklob plant
   340 | D        | Killed an oklob plant
   364 | D        | Reached ***** piety under Trog
   366 | D        | Reached skill level 10 in Fighting
   366 | D        | Reached skill level 10 in Dodging
   366 | D        | Reached skill level 16 in Unarmed Combat
   428 | D        | Received a gift from Trog
   432 | D        | Noticed an unseen horror
   433 | D        | Noticed an unseen horror
   434 | D        | Killed an unseen horror
   441 | D        | Killed an unseen horror
   442 | D        | Reached XP level 10. HP: 73/111 MP: 9/9
   561 | D        | Reached ****** piety under Trog
   568 | D        | Received a gift from Trog
   569 | D        | Reached skill level 17 in Unarmed Combat
   582 | D        | Identified the +5 scale mail of Eternal Vigilance {Str+2}
   634 | D        | Noticed a deep troll
   637 | D        | Killed a deep troll
   650 | D        | Found Fuifer's Armour Emporium.
   666 | D        | Noticed Sonja
   673 | D        | Killed Sonja
   733 | D        | Found Toesoyd's Distillery.
   741 | D        | Bought 2 potions of heal wounds for 120 gold pieces
   741 | D        | Bought a potion of heal wounds for 60 gold pieces
   741 | D        | Bought a potion of curing for 36 gold pieces
   761 | D        | Noticed a shining eye
   761 | D        | Noticed a shining eye
   761 | D        | Noticed a shining eye
   761 | D        | Noticed a shining eye
   761 | D        | Noticed a shining eye
   761 | D        | Noticed a shining eye
   762 | D        | Paralysed by a floating eye for 3 turns
   767 | D        | Killed a shining eye
   769 | D        | Received a gift from Trog
   770 | D        | Reached skill level 18 in Unarmed Combat
   775 | D        | Killed a shining eye
   777 | D        | Gained mutation: Your spells are a little easier to cast,
                  | but a little less powerful. [a shining eye]
   779 | D        | Killed a shining eye
   784 | D        | Killed a shining eye
   784 | D        | Gained mutation: You sometimes lose your temper in combat.
                  | [a shining eye]
   786 | D        | Killed a shining eye
   787 | D        | Reached XP level 11. HP: 123/123 MP: 10/10
   788 | D        | Killed a shining eye
   789 | D        | Reached skill level 19 in Unarmed Combat
   793 | D        | Noticed a shining eye
   793 | D        | Noticed a shining eye
   807 | D        | Killed a shining eye
   811 | D        | Killed a shining eye
   818 | D        | Received a gift from Trog
   825 | D        | Found Latyly's General Store.
   825 | D        | Found Wusekk's General Store.
   825 | D        | Found Giusiaph's Antique Armour Boutique.
   825 | D        | Found Gioczugh's Magic Scroll Emporium.
   832 | D        | Bought a scroll of identify for 22 gold pieces
   832 | D        | Bought a scroll of silence for 104 gold pieces
   832 | D        | Bought a scroll of identify for 22 gold pieces
   841 | D        | Bought a scroll of blinking for 97 gold pieces
   841 | D        | Bought a scroll of identify for 26 gold pieces
   841 | D        | Bought a scroll of identify for 26 gold pieces
   841 | D        | Bought a scroll of identify for 26 gold pieces
   841 | D        | Bought a scroll of identify for 26 gold pieces
   841 | D        | Bought a scroll of identify for 26 gold pieces
   852 | D        | Lost mutation: You sometimes lose your temper in combat.
                  | [potion of mutation]
   852 | D        | Lost mutation: Your spells are a little easier to cast, but
                  | a little less powerful. [potion of mutation]
   852 | D        | Gained mutation: You are clumsy. (Dex -2) [potion of
                  | mutation]
   852 | D        | Gained mutation: You are weak. (Str -2) [potion of
                  | mutation]
   858 | D        | Bought a scroll of identify for 26 gold pieces
   982 | D        | Noticed a lindwurm
   991 | D        | Killed a lindwurm
   992 | D        | Reached skill level 20 in Unarmed Combat
  1082 | D        | Received a gift from Trog
  1102 | D        | Received a gift from Trog
  1117 | D        | Noticed a 12-headed hydra
  1121 | D        | Killed a 15-headed hydra
  1209 | D        | Noticed a daeva
  1221 | D        | Received a gift from Trog
  1222 | D        | Reached skill level 21 in Unarmed Combat
  1547 | D        | Noticed a lorocyproca
  1560 | D        | Killed a lorocyproca
  1561 | D        | Reached XP level 12. HP: 136/136 MP: 0/11
  1848 | D        | Found Xeckau's Antique Weapon Boutique.
  1848 | D        | Found Saitua Kaeha's Jewellery Emporium.
  1848 | D        | Found Kicw's Jewellery Emporium.
  1850 | D        | Found Katops's Magic Scroll Boutique.
  1850 | D        | Found Secw's Assorted Antiques.
  1850 | D        | Found Buimiduo's Armour Shop.
  1850 | D        | Found Nimod's Antique Armour Emporium.
  1850 | D        | Found Deuv's Assorted Antiques.
  1850 | D        | Found Cimit's Antique Weapon Shoppe.
  1850 | D        | Found Hostrut's Weapon Shop.
  1855 | D        | Found Jurycyaf's Distillery.
  1856 | D        | Found Awkued's Distillery.
  1856 | D        | Found Geusiog's Armour Shoppe.
  1857 | D        | Found Rihonk's Magic Scroll Shop.
  1882 | D        | Bought a scroll of acquirement for 520 gold pieces
  1882 | D        | Acquired the +0 hat of Antique Mirth {rF+ Regen+ rCorr}
  1892 | D        | Bought a ring of poison resistance for 220 gold pieces
  1896 | D        | Bought a scroll of identify for 20 gold pieces
  1896 | D        | Bought a scroll of enchant armour for 75 gold pieces
  1896 | D        | Bought a scroll of blinking for 75 gold pieces
  1896 | D        | Bought a scroll of identify for 20 gold pieces
  1902 | D        | Bought a potion of heal wounds for 120 gold pieces
  1902 | D        | Bought 2 fuming sapphire potions for 43 gold pieces
  1902 | D        | Bought a scroll labelled SITAFO HEZ OGOEFE for 24 gold
                  | pieces
  1904 | D        | Bought an embroidered robe for 85 gold pieces
  1917 | D        | Bought a glowing fluorescent wand for 108 gold pieces
  1917 | D        | Bought a scroll of blinking for 202 gold pieces
  1917 | D        | Bought a marble ring for 135 gold pieces
  1920 | D        | Bought a potion of curing for 33 gold pieces
  2026 | D        | Noticed a fire giant
  2028 | D        | Noticed a fire giant
  2037 | D        | Killed a fire giant
  2045 | D        | Killed a fire giant
  2057 | D        | Noticed a fire giant
  2058 | D        | Noticed a fire giant
  2069 | D        | Demolished by a fire giant

Illustrated notes

Levels and vault maps discovered:
D:        dungeon_sprint_1 [red_sonja_temple_1, red_sonja_temple_small_1]

Skill      XL: |  1  2  3  4  5  6  7  8  9 10 11 |
---------------+----------------------------------+-----
Fighting       | 3 4 5 7 8 9 10 11 13 | 13.7
Dodging        | 3 4 5 7 8 9 10 11 13 | 13.7
Unarmed Combat | 5 7 9 11 13 15 16 18 21 | 21.9

Action                     |  1- 3 |  4- 6 |  7- 9 | 10-12 || total
---------------------------+-------+-------+-------+-------++-------
  Melee: Unarmed           |     9 |    14 |    54 |   156 ||   233
         Punch             |     1 |     2 |     5 |    13 ||    21
 Invoke: Berserk           |       |       |       |     5 ||     5
    Use: Potion            |     1 |       |       |     6 ||     7
         Scroll            |       |       |       |    11 ||    11
   Stab: Distracted        |       |       |       |     1 ||     1
 Armour: Animal skin       |     1 |       |     7 |    19 ||    27
  Dodge: Dodged            |     2 |     1 |    24 |    52 ||    79
